AoeStats
← AiM | CanvaL

Golden Pit

509863800Analyzed
1v1 RM · 4d ago on Sep 28, 2026· 26m 16s· 2 players
Game mode
Random Map
Map size
Tiny (2 player)
Population
200
Speed
Normal
Resources
Standard
Victory
Conquest
Starting age
Dark Age
Ending age
Imperial Age
RankedLock teamsTeams togetherTeam positionsShared explorationLock speedFull tech treeHidden civsTurbo modeCheats
Victory
Defeat
🇸🇪 Khmer · Sweden
1562
+12
🇨🇱 Mongols · Chile
1483
-12
jaknys
7:57 Feudal Age
8:53 Loom
9:35 Double-Bit Axe
13:08 Horse Collar
20:42 Castle Age
19:08 Fletching
21:26 Bodkin Arrow
21:34 Town Watch
23:03 Crossbowman
AiM | CanvaL
6:16 Loom
8:29 Feudal Age
12:41 Forging
12:38 Double-Bit Axe
23:58 Castle Age
22:24 Horse Collar
25:20 Fletching
25:31 Padded Archer Armor
Connection lost

Rejoining the realm…

Still unreachable

The connection could not be restored.

Session expired

The server has moved on; the page needs a fresh start.